[Event "FRA-ch Teams Top 16-A 2022"]
[Site "Chartres"]
[Date "2022.06.10"]
[Round "2.30"]
[White "Maurizzi, Marc`Andria"]
[Black "Kuhn, Clement"]
[Result "1-0"]
[ECO "B62"]
[WhiteElo "2490"]
[BlackElo "2280"]
[Annotator "TA"]
[PlyCount "79"]
[EventDate "2022.06.09"]
[EventType "team-tourn"]
[EventCountry "FRA"]
[SourceTitle "playchess.com"]
[Source "ChessBase"]
[SourceQuality "1"]
[TimeControl "40/5400+30:1800+30"]

1. e4 c5 2. Nf3 d6 3. Nc3 Nc6 4. d4 cxd4 5. Nxd4 Nf6 6. Bg5 e6 7. Qd3 Bd7 {[%emt 0:02:06] is the new trend. B62: Sicilian: Richter-Rauzer: 6...e6: Unusual White 7th moves.} 8. Ndb5 Nb4 9. Qd1 a6 {[%emt 0:00:34] The position is equal.} 10. Bxf6 gxf6 11. a3 Nxc2+ 12. Qxc2 axb5 13. Bxb5 Bxb5 14. Nxb5 {[%emt 0:00:02] Strongly threatening Nc7+.} Qa5+ 15. Nc3 Qa6 {[%emt 0:00:01] [#]} 16. Qe2 $146 ({Predecessor:} 16. Ne2 Qc6 17. Qd3 f5 18. exf5 Qxg2 19. Rg1 Qc6 20. fxe6 fxe6 21. Rc1 Qd7 22. Qd4 {½-½ (58) Plazuelo Pascual,J (2462)-Rodriguez Lopez,R (2205) Barcelona 2021}) 16... Be7 17. Rd1 (17. Nb5 $5 Qa5+ 18. Kf1 $14) 17... Rg8 18. g3 Rg5 19. Rd3 b5 (19... Re5 $11 {remains equal.}) 20. O-O $16 Qb6 {[%emt 0:05:17] [#]} 21. Rfd1 (21. b4 $1 $16) 21... b4 $11 22. axb4 Qxb4 23. Rd4 Qb6 (23... Qb3 $1 $11) 24. b4 $16 Kf8 25. Kg2 $36 {[%emt 0:06:18][%mdl 2048] White is in control.} Kg8 {[%emt 0:04:29] [#]} (25... Rc8 $16 26. h4 Rg8) 26. h4 $1 $18 Rg7 27. Qb5 Qd8 (27... Qxb5 $16 {keeps fighting.} 28. Nxb5 Rg4) 28. Rc4 Kh8 29. Rc6 Rc8 (29... Rg4 {was worth a try.} 30. Qh5 Rg7) 30. Ra1 Rg8 (30... Rb8 $142 31. Qa5 Qe8) 31. Ra7 Rb8 32. Rb7 (32. Qa6 $142) 32... d5 (32... Re8 $142 33. Qa6 Rxb7 34. Qxb7 Qb8) 33. exd5 Rxb7 $2 (33... exd5 34. Rcb6 (34. Rxb8 Qxb8 35. Qxd5 Bxb4 $18) 34... Rxb7 35. Rxb7 d4) 34. Qxb7 {And now Rc7 would win.} exd5 35. Rc7 d4 36. Nd5 Bf8 37. Rxf7 Bg7 {[%emt 0:00:30] [#]} 38. Nxf6 $1 d3 (38... Rf8 39. Qe4) 39. Nxg8 d2 40. Rxg7 {Weighted Error Value: White=0.19 (very precise) /Black=0.72} 1-0

[Event "FRA-ch Teams Top 16-A 2022"]
[Site "Chartres"]
[Date "2022.06.10"]
[Round "2.31"]
[White "Mekhane, Adam"]
[Black "Guliyev, Namig"]
[Result "0-1"]
[ECO "C42"]
[WhiteElo "2276"]
[BlackElo "2547"]
[Annotator "TA"]
[PlyCount "78"]
[EventDate "2022.06.09"]
[EventType "team-tourn"]
[EventCountry "FRA"]
[SourceTitle "playchess.com"]
[Source "ChessBase"]
[SourceQuality "1"]
[TimeControl "40/5400+30:1800+30"]

1. e4 e5 2. Nf3 Nf6 3. Nxe5 d6 4. Nf3 Nxe4 5. d4 d5 6. Bd3 Be7 7. O-O Nc6 8. c4 Nf6 9. h3 Nb4 10. Be2 dxc4 11. Bxc4 O-O 12. Nc3 c6 13. Bg5 {[%emt 0:06:15] C42: Petroff Defence: 3 Nxe5 and unusual White 3rd moves.} Bf5 14. a3 Nbd5 15. Re1 {[%emt 0:06:44] The position is equal.} h6 16. Bh4 {[%emt 0:01:54] [#]} Bh7 $146 ({Predecessor:} 16... Be6 17. Ne5 Re8 18. Qf3 Nc7 19. Rad1 Bxc4 20. Nxc4 Nfd5 21. Bg3 Nxc3 22. Qxc3 Rc8 {0-1 (54) Daurelle,H (2368)-Markus,R (2236) LSS email 2009}) 17. Ne5 Nb6 ({Better is} 17... Nd7 $14 18. Bxe7 (18. Nxd5 Bxh4 19. Ne3 Nxe5 $11) 18... Nxe7) 18. Ba2 Nfd5 19. Nxd5 (19. Bxe7 {is interesting.} Nxe7 20. Qb3 Ned5 21. a4) 19... Bxh4 20. Nxb6 axb6 21. Nxf7 ({White should try} 21. Qg4 $16) 21... Rxf7 $11 22. Qh5 $1 {[%emt 0:02:39][%mdl 64] [#] Pin} (22. Bxf7+ Kxf7 23. d5 Qxd5 $17) 22... g6 $1 23. Bxf7+ Kxf7 24. Qxh6 Kg8 {[%emt 0:01:00] Strongly threatening ...Bg5. Chess con chili.} 25. Qe3 (25. Qf4 $11) 25... Bf6 (25... Ra5 $17) 26. Qe6+ {[%emt 0:02:05] [#]} (26. d5 $15 cxd5 27. Qb3) 26... Kg7 $1 $17 {[%emt 0:00:21][%mdl 1024] Black has strong compensation.} 27. Rad1 Bg8 28. Qg4 Ra4 29. g3 (29. Re4 $17) 29... Bf7 ({And not} 29... Rxd4 30. Rxd4 Bxd4 31. Re2) ({Weaker is} 29... Bxd4 30. Re4 c5 31. Rde1 $17) 30. Re4 Qd5 31. h4 (31. Rde1 $17) 31... c5 $19 32. Kh2 Rxd4 33. Rde1 (33. Rexd4 {is more resistant.} cxd4 34. Qf4) 33... Rxe4 34. Rxe4 Bxb2 35. Re7 c4 {[%emt 0:00:30] And now ...Qc5 would win.} 36. Qc8 $2 (36. Rd7 Qf5 37. Qxf5 gxf5 38. Kg2) 36... Qc5 37. Qxb7 Qxf2+ 38. Kh3 Bxa3 39. Rc7 Bd6 {[%emt 0:00:30][%csl LRc7,LRg3] Weighted Error Value: White=0.87/Black=0.09 (flawless)} 0-1

[Event "FRA-ch Teams Top 16-A 2022"]
[Site "Chartres"]
[Date "2022.06.10"]
[Round "2.32"]
[White "Martsynovskaya, Marina"]
[Black "Aflalo, Sophie"]
[Result "1/2-1/2"]
[ECO "B33"]
[WhiteElo "2070"]
[BlackElo "2152"]
[Annotator "TA"]
[PlyCount "151"]
[EventDate "2022.06.09"]
[EventType "team-tourn"]
[EventCountry "FRA"]
[SourceTitle "playchess.com"]
[Source "ChessBase"]
[SourceQuality "1"]
[TimeControl "40/5400+30:1800+30"]

1. e4 c5 2. Nf3 Nc6 3. d4 cxd4 4. Nxd4 Nf6 5. Nc3 e5 6. Ndb5 d6 7. Bg5 a6 8. Na3 b5 9. Bxf6 gxf6 10. Nd5 f5 11. g3 Bg7 12. Bg2 f4 {[%emt 0:13:24] B33: Sicilian: Pelikan and Sveshnikov Variations.} 13. c3 O-O 14. Qh5 Ne7 15. Nc2 a5 16. Nxe7+ Qxe7 {[%emt 0:00:02] [#]} 17. gxf4 $146 ({White should play} 17. O-O $11) ({Predecessor:} 17. O-O Be6 18. gxf4 exf4 19. Nd4 Rac8 20. Nf5 Bxf5 21. Qxf5 Be5 22. Rad1 Kh8 23. Kh1 {1-0 (42) Sochacki,C (2414)-Sanchez,J (2533) Haguenau 2013}) 17... exf4 $15 18. O-O Qe5 19. Qxe5 dxe5 20. Rfd1 Bg4 21. f3 Be6 22. Bf1 Rfb8 23. Na3 b4 24. cxb4 Rxb4 25. b3 a4 26. Bc4 Bxc4 (26... Bf8 $1 $17 27. Bxe6 fxe6) 27. Nxc4 $11 axb3 (27... Rab8 {with more complications.} 28. Na5 Rc8 29. Kh1 Rd4) 28. axb3 Rxa1 29. Rxa1 Rxb3 $17 {[%mdl 4096] Endgame KRB-KRN} 30. Ra8+ Bf8 31. Nxe5 {[%emt 0:00:30] And now Nd7 would win.} Kg7 32. Kg2 Bc5 {Prevents Ra7.} 33. Ra2 Bd4 34. Ng4 h5 35. Nf2 f6 36. Rd2 Be3 37. Rc2 Kf7 38. Nd1 Bd4 39. Rd2 Be5 40. Nf2 Ke7 41. Nd3 Bd6 42. Kh3 Ke6 43. Kg2 Rc3 44. Kf2 Rc4 45. Kg2 Rc3 46. Kf2 h4 47. Kg2 Be5 48. Kh3 f5 49. Nxe5 Kxe5 $11 {KR-KR} 50. Rd5+ Ke6 51. Rxf5 Rxf3+ 52. Kxh4 {[%emt 0:00:30] Hoping for Kg4.} Re3 $2 (52... Rf2 $11) 53. Rxf4 $18 Ke5 {[#]} 54. Kg5 (54. Kg4 $1 $18 {h4 would kill now.} Re2 55. h4 Rg2+ 56. Kf3) 54... Rh3 $16 {[#]} 55. Rh4 $1 Re3 (55... Rc3 $16 {is tougher.}) 56. Rh8 $18 Re1 $2 (56... Kd6 57. Kf4 Re2 58. Rh6+ Ke7) 57. Re8+ Kd6 58. h4 Rg1+ 59. Kh6 Kd7 60. Re5 {[%emt 0:00:30] Threatens to win with Rg5.} Re1 61. Kg6 Rh1 62. h5 Kd6 63. Kf6 Rh4 64. Re6+ (64. Ra5 $142 Kc6 65. Kg5 Rxe4 66. h6 Re8 67. h7 Rd8 68. Rf5 Kd6 69. Kg6) 64... Kd7 65. Re7+ Kd8 66. Kg5 $2 ({White should try} 66. Re5 $18 {White wants to mate with Kg5.} Kc7 67. Kg5) 66... Rxh5+ $1 $11 {The position is equal.} 67. Kxh5 {[%emt 0:00:30] Intending Rh7 and mate.} Kxe7 {KP-K} 68. Kg5 Ke6 69. Kf4 Kf6 70. e5+ Ke6 71. Ke4 Ke7 72. Kd5 Kd7 73. e6+ Ke8 74. Kd6 Kd8 75. e7+ Ke8 76. Ke6 {[%emt 0:00:30] Black defended with fortune.  Weighted Error Value: White=0.25 (precise) /Black=0.52} 1/2-1/2

[Event "FRA-ch Teams Top 16-A 2022"]
[Site "Chartres"]
[Date "2022.06.11"]
[Round "3.1"]
[White "Lagarde, Maxime"]
[Black "Abasov, Nijat"]
[Result "1/2-1/2"]
[ECO "C09"]
[WhiteElo "2628"]
[BlackElo "2635"]
[Annotator "TA"]
[PlyCount "165"]
[EventDate "2022.06.09"]
[EventType "team-tourn"]
[EventCountry "FRA"]
[SourceTitle "playchess.com"]
[Source "ChessBase"]
[SourceQuality "1"]
[TimeControl "40/5400+30:1800+30"]

1. e4 c5 2. Nf3 e6 3. c3 d5 4. exd5 exd5 5. d4 Nc6 6. Bb5 Bd6 7. O-O Nge7 8. dxc5 Bxc5 9. Nbd2 O-O 10. Nb3 Bd6 11. Nfd4 {[%emt 0:06:54] 11.h3 is the modern continuation. C09: French Tarrasch: 3...c5 4 exd5 exd5 5 Ngf3 Nc6.} a6 12. Bd3 Ne5 13. Bc2 {[%emt 0:04:21] The position is equal.} Bg4 14. Qe1 {[%emt 0:00:33] [#] aiming for f4.} N7c6 $146 ({Predecessor:} 14... Re8 15. f4 N5g6 16. Qf2 Qc7 17. h3 Bd7 18. f5 Bg3 19. Qf3 Nh4 20. Qh5 g6 21. Qg5 Nhxf5 22. Bxf5 Nxf5 23. Nxf5 {0-1 (42) Maeckelbergh,M-De Greef,H (2175) Oisterwijk 1991}) 15. f4 Nc4 16. Qg3 Bd7 17. Qf3 Qc7 18. Qxd5 Nxd4 19. Nxd4 Rae8 20. Bd3 (20. Kh1 $14) 20... Ne3 $11 21. Bxe3 Rxe3 22. Rad1 Bg4 {[%emt 0:06:19] Prevents Rf3.} 23. Nf5 Bxf4 24. Nxe3 Bxe3+ {[%emt 0:00:07] This bishop pair is nice.} 25. Kh1 Bxd1 26. Rxd1 {[%emt 0:03:35] And now Qe4 would win.} g6 27. Be4 b6 28. Qd3 Bf4 29. g3 (29. Qxa6 Bxh2 30. Qd3 Qf4 $15) 29... Be5 30. Qxa6 h5 31. Kg2 Rd8 32. Bd5 Kg7 33. Qe2 h4 34. Qf3 hxg3 35. hxg3 f5 36. Rd2 b5 37. a3 Kf6 38. Qe3 Rd7 39. Rd1 ({Of course not} 39. Qh6 Bxg3 40. Rd3 Be5 41. Qh4+ Kg7 $15) 39... Qb8 (39... Rh7 $11) 40. Bf3 ({White should play} 40. g4 $14) 40... Rxd1 (40... f4 {seems wilder.} 41. gxf4 Bxf4 42. Qe2 Rxd1 43. Qxd1 Qe5) 41. Bxd1 {[%emt 0:30:06][%mdl 4096] Endgame KQB-KQB} Qd6 42. Be2 Qd5+ 43. Qf3 Qc5 (43... Qd2 {is interesting.} 44. Qc6+ Bd6 45. Kf2 g5) 44. Qd3 Qc6+ 45. Bf3 Qc7 46. g4 fxg4 (46... Qb6 $14 {feels stronger.}) 47. Bxg4 $16 Qc6+ $2 (47... Qc5 $16) 48. Qf3+ $18 Qxf3+ 49. Kxf3 {[%emt 0:00:00] KB-KB} g5 {[%emt 0:00:10] [#]} 50. Bd7 $2 (50. Ke4 $1 $18 Bf4 51. b3) 50... Bf4 $1 $14 51. Ke2 {[%emt 0:00:00] Black must now prevent Kd3.} Bc1 52. b4 Bxa3 53. Kd2 Ke5 54. Bxb5 Kd6 {[%emt 0:03:04] Against Bd7} 55. Kc2 Kc7 56. Be2 {[%emt 0:00:00] Hoping for Kb3.} Kc6 57. Bg4 Kd5 58. Be2 ({Better is} 58. Kd3 $16) 58... Ke4 (58... Kc6 $1 $11) 59. Kb3 $16 Bc1 60. c4 Ke3 61. Bh5 Kd4 62. c5 Bf4 63. Ka4 Bc7 64. Kb5 Kc3 65. Be2 Kb3 66. Bc4+ Kc3 67. Be6 Bf4 68. c6 (68. Bf5 $16) 68... Bb8 69. Bd7 Bd6 70. Bg4 Bb8 71. Bh3 Bd6 72. Bd7 Bb8 ({But not} 72... g4 73. Bxg4 Kb3 74. Be2 $16) 73. Kc5 Ba7+ 74. Kd5 {[%emt 0:00:28] White threatens c7 and mate.} Bb6 75. b5 Kb4 (75... g4 $1 $11 {keeps the balance.}) 76. Kd6 g4 77. c7 ({Reject} 77. Bxg4 $6 Kxb5 78. Be2+ Ka5 $11) 77... Bxc7+ 78. Kxc7 {[%emt 0:00:03] White wants to mate with b6. KB-KP} g3 79. b6 {[%emt 0:00:13] Threatening mate with b7.} g2 80. b7 g1=Q 81. b8=Q+ Kc3 {[%emt 0:00:07] [#]} 82. Qb5 (82. Qh8+ $1 $16 Qd4 83. Qh3+ Kd2 84. Qh2+ Kc1 85. Qh1+ Kb2 86. Qg2+ Kb3 87. Qg5) 82... Qh2+ (82... Qg3+ $1 $11 83. Kb7 Qg2+ 84. Kc7 Qg3+ 85. Kc8 Qg8+ 86. Kb7 Qg2+ 87. Bc6 Qb2) 83. Kb7 {[%emt 0:00:13] Weighted Error Value: White=0.31/Black=0.14 (very precise)} (83. Kc8 $16) 1/2-1/2

[Event "FRA-ch Teams Top 16-A 2022"]
[Site "Chartres"]
[Date "2022.06.11"]
[Round "3.2"]
[White "Santos Ruiz, Miguel"]
[Black "Kamsky, Gata"]
[Result "1/2-1/2"]
[ECO "C92"]
[WhiteElo "2586"]
[BlackElo "2661"]
[Annotator "TA"]
[PlyCount "63"]
[EventDate "2022.06.09"]
[EventType "team-tourn"]
[EventCountry "FRA"]
[SourceTitle "playchess.com"]
[Source "ChessBase"]
[SourceQuality "1"]
[TimeControl "40/5400+30:1800+30"]

1. e4 e5 2. Nf3 Nc6 3. Bb5 a6 4. Ba4 Nf6 5. O-O Be7 6. Re1 b5 7. Bb3 d6 8. c3 O-O 9. h3 Nd7 10. d4 Bf6 11. a4 Bb7 12. d5 Ne7 13. Bc2 {[%emt 0:08:01] C92: Closed Ruy Lopez: 9...Be6, Karpov and Flohr-Zaitsev Variations.} Qb8 14. Nbd2 c6 15. dxc6 {[%emt 0:00:19] White is slightly better.} Bxc6 16. Nf1 {[%emt 0:01:30] [#]} Nc5 $146 ({Predecessor:} 16... g6 17. Bh6 Bg7 18. Qd2 Rd8 19. axb5 axb5 20. Rxa8 Bxa8 21. N1h2 f6 22. Ng4 Bxh6 23. Qxh6 {1-0 (43) Haubro,M (2382)-Maze,S (2575) Helsingor 2015}) 17. axb5 axb5 18. Rxa8 Bxa8 19. Ng3 g6 {[%emt 0:05:33] Inhibits Nh5.} 20. Bh6 Bg7 21. Qd2 f6 22. b4 {[%emt 0:03:55] White is more active.} ({White should try} 22. Be3 $14) 22... Ne6 $11 23. Bb3 d5 24. exd5 (24. Be3 {seems wilder.} Kh8 25. Rd1 Rd8 26. Qc2) 24... Bxh6 25. Qxh6 Bxd5 26. Bxd5 Nxd5 27. Ne4 Qc7 28. Qd2 Qc4 29. Qe2 Qxe2 30. Rxe2 f5 {[%emt 0:00:41] [#] ...Nef4 is the strong threat.} 31. Nc5 $1 Nxc3 32. Rxe5 {[%emt 0:00:09] Weighted Error Value: White=0.09 (flawless) /Black=0.06 (flawless)} 1/2-1/2

[Event "FRA-ch Teams Top 16-A 2022"]
[Site "Chartres"]
[Date "2022.06.11"]
[Round "3.3"]
[White "Mamedov, Rauf"]
[Black "Wirig, Anthony"]
[Result "1-0"]
[ECO "A04"]
[WhiteElo "2656"]
[BlackElo "2520"]
[Annotator "TA"]
[PlyCount "63"]
[EventDate "2022.06.09"]
[EventType "team-tourn"]
[EventCountry "FRA"]
[SourceTitle "playchess.com"]
[Source "ChessBase"]
[SourceQuality "1"]
[TimeControl "40/5400+30:1800+30"]

1. e4 c5 2. Nf3 e6 3. d3 Nc6 4. g3 g6 5. Bg2 Bg7 6. O-O Nge7 7. c3 e5 8. Be3 d6 9. d4 exd4 10. cxd4 {[%emt 0:00:38] [#]} d5 $146 {[%emt 0:01:20] A04: Unusual lines after 1 Nf3 and King's Indian Attack.} (10... Bg4 {feels hotter.} 11. dxc5 dxc5 12. Nc3 Nd4) ({Predecessor:} 10... Bg4 11. d5 Bxb2 12. dxc6 Bxa1 13. cxb7 Rb8 14. Bh6 Rxb7 15. Nbd2 Bf6 16. Nc4 Rd7 17. Qa4 Qc7 18. e5 dxe5 {0-1 (26) Hambleton,A (2454)-Kobalia,M (2587) Chess.com INT 2021}) 11. dxc5 dxe4 {[%emt 0:15:56] And now ...Qxd1 would win.} 12. Qxd8+ Nxd8 {[%emt 0:00:50] The position is equal.} 13. Nd4 Ne6 14. Nxe6 Bxe6 15. Nc3 f5 16. Rad1 {[%emt 0:17:49] Against Nd5} Bxc3 (16... O-O {keeps more tension.} 17. Rd6 Bf7 18. Rd7 Bxc3 19. Rxe7 Bxb2 20. Rxb7 Bf6) 17. bxc3 Rd8 18. f3 Rxd1 19. Rxd1 Bxa2 20. fxe4 fxe4 21. Bxe4 Nc6 22. Bh6 {[%emt 0:11:02] White is more active.} Be6 (22... Kf7 $142) 23. Rb1 $16 Bc8 24. Bd5 $1 {[%emt 0:08:19] aiming for Bg7.} Kd8 {[%emt 0:03:05] [#]} 25. Bg5+ $1 Kc7 26. Bf4+ Kd7 27. Rd1 a5 28. Bb3+ {[%emt 0:12:25] This bishop pair is nice.} Ke7 29. Bg5+ Ke8 30. Bh6 {[%emt 0:00:56] Hoping for Bg7.} Ke7 {[%emt 0:00:13] [#]} (30... Bg4 $16) 31. Rf1 (31. Bd5 $1 $18 {is more deadly.}) 31... Be6 $2 (31... Kd8 $16 {is a better chance.}) 32. Bg5+ {[%emt 0:00:15] Weighted Error Value: White=0.13 (very precise) /Black=0.48} 1-0

[Event "FRA-ch Teams Top 16-A 2022"]
[Site "Chartres"]
[Date "2022.06.11"]
[Round "3.4"]
[White "Demuth, Adrien"]
[Black "Bauer, Christian"]
[Result "0-1"]
[ECO "A41"]
[WhiteElo "2493"]
[BlackElo "2596"]
[Annotator "TA"]
[PlyCount "94"]
[EventDate "2022.06.09"]
[EventType "team-tourn"]
[EventCountry "FRA"]
[SourceTitle "playchess.com"]
[Source "ChessBase"]
[SourceQuality "1"]
[TimeControl "40/5400+30:1800+30"]

1. d4 d6 2. Nf3 Bg4 3. e4 Nf6 4. h3 Bh5 5. Nc3 c6 6. g4 Bg6 7. Qe2 e6 8. h4 h6 9. h5 {[%emt 0:00:41] A41: 1 d4 d6: Tartakower System and Modern Defence.} Bh7 10. g5 hxg5 11. Bxg5 {[%emt 0:05:06] White is better.} Qa5 {[%emt 0:09:42] ...Nxe4 is the strong threat.} 12. O-O-O (12. Bd2 $14) 12... d5 $1 $11 13. Bxf6 gxf6 {[%emt 0:02:32] [#]} 14. exd5 $146 ({Predecessor:} 14. Nd2 Bh6 15. f3 Nd7 16. Kb1 O-O-O 17. Nb3 Qb6 18. Qe1 Kb8 19. Bd3 Rdg8 20. exd5 cxd5 {0-1 (37) Beaumont,C (2365)-Dunworth,C (2245) London 1994}) 14... cxd5 15. Bh3 ({White should play} 15. Nd2 $11) 15... Qa6 16. Qe3 {[%emt 0:10:46] Black must now prevent Nxd5.} Nd7 17. Nd2 O-O-O 18. Bf1 Qc6 (18... Qb6 {seems wilder.} 19. h6 Ne5 20. dxe5 d4) 19. Bd3 (19. h6 {is more complex.} Nb6 20. Nb3 Kb8 21. Bd3) 19... Bxd3 20. Qxd3 Kb8 21. Kb1 Rc8 22. Nf1 f5 23. Rh3 Nf6 24. Qe2 {[%emt 0:00:20] Strongly threatening Qe5+.} Ka8 25. Nd2 Bd6 26. h6 Bf4 27. Rdh1 Rh7 28. Nf3 Rch8 29. Ne5 Qb6 30. Rh4 Bg5 (30... Qxd4 31. Nf3 Qb4 32. Ng5 $16) (30... Rxh6 $6 31. Rxh6 Rxh6 32. Rxh6 Bxh6 33. Nxf7 $11) (30... Bxh6 31. Nxf7 $1 Rxf7 32. Rxh6 $16) 31. R4h3 a6 (31... Rxh6 32. Rxh6 Rxh6 33. Rxh6 Bxh6 34. Nxf7 $11) (31... Bxh6 32. Nxf7 Rxf7 33. Rxh6 $16) 32. Qd3 ({White should try} 32. Qf1) 32... Bf4 (32... Bxh6 33. Nxf7 $1 Rxf7 34. Rxh6 $14) (32... Rxh6 $6 33. Rxh6 Rxh6 34. Rxh6 Bxh6 35. Nxf7 $11) 33. f3 Qc7 ({Much weaker is} 33... Rxh6 $6 34. Rxh6 Rxh6 35. Rxh6 Bxh6 36. Nxf7 $11) ({Don't play} 33... Bxh6 34. Nxf7 $1 Rxf7 35. Rxh6 $14) 34. Qe2 Rxh6 35. Rxh6 Rxh6 36. Rxh6 Bxh6 37. Qh2 Bg7 38. a3 Nd7 39. f4 Bxe5 40. dxe5 $17 {[%emt 0:01:10][%mdl 4096] Endgame KQN-KQN} Ka7 41. Qg1+ Qb6 42. Qg7 {[%emt 0:04:53] [#]} (42. Qg8 $17 {was called for.}) 42... Nc5 $1 $19 43. Qxf7 d4 44. Nd1 d3 $36 {[%emt 0:01:44][%mdl 2048] And now ...dxc2+ would win. Black is in control.} 45. Qe7 $2 (45. b4 $17 {was the crucial defense.}) 45... dxc2+ 46. Kxc2 Qb3+ 47. Kc1 Qc4+ {[%emt 0:03:01] Weighted Error Value: White=0.34/Black=0.08 (flawless)} ({Don't go for} 47... Nd3+ $2 48. Kd2 Nxf4 49. Qd6 $19) 0-1

[Event "FRA-ch Teams Top 16-A 2022"]
[Site "Chartres"]
[Date "2022.06.11"]
[Round "3.5"]
[White "Tiviakov, Sergei"]
[Black "Parligras, Mircea-Emilian"]
[Result "1/2-1/2"]
[ECO "B51"]
[WhiteElo "2567"]
[BlackElo "2583"]
[Annotator "TA"]
[PlyCount "59"]
[EventDate "2022.06.09"]
[EventType "team-tourn"]
[EventCountry "FRA"]
[SourceTitle "playchess.com"]
[Source "ChessBase"]
[SourceQuality "1"]
[TimeControl "40/5400+30:1800+30"]

1. e4 c5 2. Nf3 d6 3. Bb5+ Nd7 4. d4 cxd4 5. Qxd4 a6 6. Bxd7+ Bxd7 7. c4 {[%emt 0:00:29] B51: Sicilian: Moscow Variation (3 Bb5+) without 3...Bd7.} b5 8. Nc3 e5 9. Qd3 bxc4 10. Qxc4 Be6 11. Qc6+ $1 {[%emt 0:02:27] The main line 11.Qc6+ scores better than 11.Qd3.} Bd7 12. Qc4 Be6 13. Qd3 h6 14. O-O Nf6 15. b3 Be7 16. Bb2 O-O 17. Rfd1 Qb6 18. Nd2 Rac8 19. Nf1 Rc6 20. Ne3 Rfc8 21. h3 Qb7 22. Ncd5 Bxd5 23. exd5 Rc5 24. Rac1 g6 {[%emt 0:13:15] [#]} 25. Rxc5 $146 (25. Ba3 $5 Rxc1 26. Rxc1 $11) ({Predecessor:} 25. Ba3 Rxc1 26. Rxc1 Rxc1+ 27. Bxc1 Kg7 28. Ba3 Qb6 29. Nc4 Qb5 30. Nxe5 dxe5 31. Qxb5 axb5 32. Bxe7 Nxd5 33. Bd6 Kf6 34. a4 bxa4 35. bxa4 Ke6 36. Bf8 h5 37. f3 Kd7 {½-½ (35) Roques,P (2382)-Feletar,D (2350) ICCF email 2016}) 25... Rxc5 {[%emt 0:00:05] The position is equal.} 26. a4 Qb4 27. Ra1 {[%emt 0:01:36] Black should prevent Ba3.} Qa5 28. Rd1 {[%emt 0:09:34][%cal Ob3b4] [#] Strongly threatening b4!} Qb4 29. Ra1 Qa5 30. Rd1 {[%emt 0:02:02] Not much happened in this game.  Weighted Error Value: White=0.04 (flawless) /Black=0.01 (flawless)} 1/2-1/2

[Event "FRA-ch Teams Top 16-A 2022"]
[Site "Chartres"]
[Date "2022.06.11"]
[Round "3.6"]
[White "Loiseau, Quentin"]
[Black "Guliyev, Namig"]
[Result "1/2-1/2"]
[ECO "D20"]
[WhiteElo "2445"]
[BlackElo "2547"]
[Annotator "TA"]
[PlyCount "57"]
[EventDate "2022.06.09"]
[EventType "team-tourn"]
[EventCountry "FRA"]
[SourceTitle "playchess.com"]
[Source "ChessBase"]
[SourceQuality "1"]
[TimeControl "40/5400+30:1800+30"]

1. d4 d5 2. c4 dxc4 3. e4 b5 4. a4 c6 5. axb5 cxb5 6. Nc3 {[%emt 0:00:10][%cal Bb1c3,Bc3d5,Bd5c7][%mdl 32] D20: Queen's Gambit Accepted: 3 e3 and 3 e4.} Qb6 7. Nd5 Qb7 8. Bf4 {[%emt 0:00:05] [#] Strongly threatening Nc7+. White is slightly better.} e5 $1 9. Bxe5 {[%emt 0:00:06] And now Ne2 would win.} Nd7 $1 10. Bf4 {[%emt 0:04:15] Black must now prevent Ne2.} Ngf6 11. Nc7+ Kd8 {[%emt 0:00:53] aiming for ...Bb4+.} 12. Nxa8 {[%emt 0:00:17][%cal Of2f3] f3! is the strong threat. 0x0.00207b6676bddp-1022s more active pieces. The black rooks are badly placed.} Qxe4+ 13. Ne2 Qxa8 14. f3 Bb4+ (14... Nb6 $14) 15. Nc3 {[%emt 0:02:19] [#]} ({White should try} 15. Bd2 $16 Nd5 16. Nc3) 15... a5 $146 ({Don't do} 15... Nd5 16. Bd2 $16) ({Predecessor:} 15... Re8+ 16. Be2 a5 17. O-O Qc6 18. Re1 Bxc3 19. bxc3 Nd5 20. Qd2 b4 21. Rxa5 Nxc3 {½-½ (71) Fodor,B (2120)-Dev,S (2243) Budapest 2021}) 16. Bd2 (16. Be2 $14) 16... Qc6 17. Be2 (17. Na2 $5 ) 17... Re8 18. O-O a4 19. Ne4 Bxd2 20. Qxd2 ({Don't play} 20. Nxd2 Nd5 $11) 20... Qb6 {[%emt 0:00:11] [#]} (20... Nxe4 21. fxe4 Re7 22. e5 $18) 21. Kh1 $1 h6 22. Nc3 Ba6 23. Rfe1 Re6 24. Rad1 Bb7 25. d5 Rd6 26. Qd4 Qxd4 {[%emt 0:01:55] The position is equal.} 27. Rxd4 Ba6 28. Bd1 Nc5 (28... b4 $11 29. Na2 (29. Nxa4 Rxd5 30. Rxd5 Nxd5 $11) 29... b3) 29. Bc2 {[%emt 0:00:05] Weighted Error Value: White=0.14 (very precise) /Black=0.08 (flawless)} 1/2-1/2